WCHLSIM.com - West Coast Hockey League
html PUBLIC "-//W3C//DTD XHTML 1.0 Transitional//EN" "http://www.w3.org/TR/xhtml1/DTD/xhtml1-transitional.dtd"> WCHL - Game 686 - KANSAS CITY KILLERBEES vs UTAH ICE BEARS

KANSAS CITY KILLERBEES vs UTAH ICE BEARS

Created - 17 janvier 2024 at 21:43

Goals
1 2 3 T
KANSAS CITY KILLERBEES 1 0 0 1
UTAH ICE BEARS 0 2 0 2
Shots
1 2 3 T
KANSAS CITY KILLERBEES 7 5 8 20
UTAH ICE BEARS 7 14 8 29

1st period

1. KANSAS CITY KILLERBEES , Boone Jenner 12 (James van Riemsdyk 11, Mattias Ekholm 18) at 1:30

Penalties :
Andrew Peeke (UTA) for Hooking (Minor) at 3:36, Alexander Ovechkin (UTA) for Tripping (Minor) at 18:24

2nd period

2. UTAH ICE BEARS , Artem Zub 1 (Alexander Ovechkin 27, Matthew Beniers 32) at 11:38
3. UTAH ICE BEARS , Alexander Ovechkin 20 (T.J. Brodie 4, Alexander Barabanov 26) at 14:26

Penalties :
Artem Zub (UTA) for Slashing (Minor) at 1:32, K'Andre Miller (KCK) for Hooking (Minor) at 8:39

3rd period

No Goal

Penalties :
Alexander Ovechkin (UTA) for Roughing (Minor) at 8:50, Tyler Johnson (KCK) for Hooking (Minor) at 18:37

Goalie Stats

Jake Kupsky (KCK), 27 saves from 29 shots - (0,931), L, 0-5-1, 60:00 minutes
Connor Ingram (UTA), 19 saves from 20 shots - (0,950), W, 14-7-2, 60:00 minutes

Players Stats for KANSAS CITY KILLERBEES

Player Name              G  A  P  +/- PIM S  H  SB GA TA FO     MP     PP MP  PK MP  
------------------------------------------------------------------------------------
Alexis Lafreniere        0  0  0   0  0   2  1  0  0  0  1/3    18:47   2:45   0:20 
Boone Jenner             1  0  1   1  0   3  1  1  0  0  24/35  23:15   4:28   3:02 
Daniel Walcott           0  0  0   0  0   0  0  0  0  0  0/0    16:08   0:43   0:10 
Jacob Muzzin             0  0  0   0  0   0  3  0  0  0  0/0    20:15   2:35   2:27 
Jakub Voracek            0  0  0  -1  0   2  0  0  0  0  0/0    10:51   0:43   0:00 
James van Riemsdyk       0  1  1   1  0   0  2  0  0  0  0/0    20:32   4:28   0:19 
Jaret Anderson-Dolan     0  0  0  -1  0   1  0  0  0  0  0/1     8:24   0:00   0:00 
K'Andre Miller           0  0  0  -1  2   1  1  0  0  0  0/0    23:36   4:38   0:44 
MacKenzie Entwistle      0  0  0  -1  0   0  0  0  0  0  1/6     9:07   0:43   0:00 
Mattias Ekholm           0  1  1  -1  0   2  2  1  0  0  0/0    23:47   4:38   0:54 
Morgan Barron            0  0  0  -1  0   1  0  0  0  0  1/7    10:51   0:43   0:00 
Nicholas Paul            0  0  0   0  0   1  2  0  0  0  2/3    17:30   2:45   0:19 
Nicolas Aube-Kubel       0  0  0  -1  0   0  3  0  0  0  0/0     8:24   0:00   0:00 
Philipp Kurashev         0  0  0   1  0   2  1  0  0  0  0/0    20:13   4:28   0:00 
Riley Stillman           0  0  0   0  0   0  0  3  0  0  0/0    15:15   1:16   0:00 
Sean Walker              0  0  0   0  0   2  2  0  0  0  0/0    19:42   2:02   2:27 
Tyler Johnson            0  0  0   0  2   1  0  1  0  0  6/15   17:10   2:45   0:00 
Zach Aston-Reese         0  0  0  -1  0   2  1  0  0  0  0/0    12:50   0:00   2:42 

Players Stats for UTAH ICE BEARS

Player Name              G  A  P  +/- PIM S  H  SB GA TA FO     MP     PP MP  PK MP  
------------------------------------------------------------------------------------
Alexander Barabanov      0  1  1   2  0   3  0  0  0  0  0/1    18:24   1:39   0:12 
Alexander Ovechkin       1  1  2   2  4   6  4  0  0  0  0/2    18:13   1:42   0:00 
Andrew Mangiapane        0  0  0   0  0   1  0  0  0  0  0/0     6:52   0:00   3:12 
Andrew Peeke             0  0  0   1  2   1  0  4  0  0  0/0    20:39   0:16   4:00 
Artem Zub                1  0  1   1  2   2  2  0  0  0  0/0    17:57   1:33   3:24 
Blake Lizotte            0  0  0   0  0   0  0  0  0  0  3/7     6:52   0:00   3:12 
Casey Mittelstadt        0  0  0  -1  0   3  0  0  0  0  0/1    18:40   1:39   0:00 
David Savard             0  0  0  -1  0   0  1  1  0  0  0/0    23:04   0:00   3:46 
Evgeni Malkin            0  0  0  -1  0   2  1  0  0  0  11/16  19:13   1:42   0:30 
Kevin Bahl               0  0  0   1  0   0  1  0  0  0  0/0    15:15   1:17   0:57 
Kyle Okposo              0  0  0   0  0   2  0  0  0  0  1/2     8:09   0:00   4:29 
Lucas Raymond            0  0  0   0  0   3  0  0  0  0  0/0    11:29   0:00   0:00 
MacKenzie Weegar         0  0  0  -1  0   0  1  1  0  0  0/0    22:02   1:48   3:33 
Matias Maccelli          0  0  0   0  0   1  0  0  0  0  0/1    11:29   0:00   0:00 
Matthew Beniers          0  1  1   2  0   2  0  2  0  0  8/17   18:12   1:39   0:00 
Matthew Tkachuk          0  0  0  -1  0   2  1  0  0  0  1/1    18:43   1:42   0:00 
Morgan Frost             0  0  0   0  0   0  0  0  0  0  11/22  15:46   0:00   4:17 
T.J. Brodie              0  1  1   1  0   1  2  0  0  0  0/0    21:01   1:48   0:12 

3 Stars

1 - Alexander Ovechkin (UTA)
2 - Boone Jenner (KCK)
3 - Matthew Beniers (UTA)

Power Play

KANSAS CITY KILLERBEES - 0 on 4 Attempt(s) - 0,00%
UTAH ICE BEARS - 0 on 2 Attempt(s) - 0,00%

Penalty Kill

KANSAS CITY KILLERBEES - 2 on 2 Attempt(s) - 100,00% - Score 0 goal in Penalty Kill
UTAH ICE BEARS - 4 on 4 Attempt(s) - 100,00% - Score 0 goal in Penalty Kill

Team Stat

KANSAS CITY KILLERBEES - Hits : 19 - Faceoff Wins : 35 - Blocked Shots : 6 - Penalty Minutes : 4
UTAH ICE BEARS - Hits : 13 - Faceoff Wins : 35 - Blocked Shots : 8 - Penalty Minutes : 8

Official

Referees : Tom Chmielewski and Dean Morton
Linesman : Mark Shewchyk and Colin Gates

Game Notes

No Game Note

Finance

Level 1 -- Attendance: 7082 (91,38%) -- Ticket Income 814 430 $
Level 2 -- Attendance: 5459 (94,94%) -- Ticket Income 420 343 $
Level 3 -- Attendance: 2500 (100,00%) -- Ticket Income 155 000 $
Level 4 -- Attendance: 5000 (100,00%) -- Ticket Income 205 000 $
Luxury Box -- Attendance: 1000 (100,00%) -- Ticket Income 250 000 $
Total Attendance: 21041 (95,64%)
Total Ticket Income: 1 844 773 $
Other Expense: 18 448 $
Total Income: 1 826 325 $

KANSAS CITY KILLERBEES

5 vs 5 Forward 
   Center                   Left Wing                Right Wing               Time % Phy DF OF 
 1 Boone Jenner             James van Riemsdyk       Philipp Kurashev         36     1   2  2  
 2 Tyler Johnson            Nicholas Paul            Alexis Lafreniere        31     1   2  2  
 3 Morgan Barron            Zach Aston-Reese         Jakub Voracek            23     1   2  2  
 4 MacKenzie Entwistle      Jaret Anderson-Dolan     Nicolas Aube-Kubel       10     1   2  2  

5 vs 5 Defense 
   Defense                  Defense                                           Time % Phy DF OF 
 1 Mattias Ekholm           K'Andre Miller                                    36     1   2  2  
 2 Sean Walker              Jacob Muzzin                                      31     1   2  2  
 3 Riley Stillman           Daniel Walcott                                    23     1   2  2  
 4 Mattias Ekholm           K'Andre Miller                                    10     1   2  2  

PowerPlay Forward 
   Center                   Left Wing                Right Wing               Time % Phy DF OF 
 1 Boone Jenner             James van Riemsdyk       Philipp Kurashev         55     1   2  2  
 2 Tyler Johnson            Nicholas Paul            Alexis Lafreniere        45     1   2  2  

PowerPlay Defense
   Defense                  Defense                                           Time % Phy DF OF 
 1 Mattias Ekholm           K'Andre Miller                                    55     1   2  2  
 2 Sean Walker              Jacob Muzzin                                      45     1   2  2  

Penalty Kill 4 Players Forward 
   Center                   Wing                     Time % Phy DF OF 
 1 Boone Jenner             Tyler Johnson            55     1   2  2  
 2 James van Riemsdyk       Nicholas Paul            45     1   2  2  

Penalty Kill 4 Players Defense
   Defense                  Defense                  Time % Phy DF OF 
 1 Mattias Ekholm           K'Andre Miller           55     1   2  2  
 2 Sean Walker              Jacob Muzzin             45     1   2  2  

Penalty Kill - 3 Players Forward 
   Forward                                           Time % Phy DF OF 
 1 Boone Jenner                                      55     1   2  2  
 2 Tyler Johnson                                     45     1   2  2  

Penalty Kill - 3 Players Defense
   Defense                  Defense                  Time % Phy DF OF 
 1 Mattias Ekholm           K'Andre Miller           55     1   2  2  
 2 Sean Walker              Jacob Muzzin             45     1   2  2  

4 vs 4 Forward 
   Center                   Wing                     Time % Phy DF OF 
 1 Boone Jenner             Tyler Johnson            55     1   2  2  
 2 James van Riemsdyk       Nicholas Paul            45     1   2  2  

4 vs 4 Defense
   Defense                  Defense                  Time % Phy DF OF 
 1 Mattias Ekholm           K'Andre Miller           55     1   2  2  
 2 Sean Walker              Jacob Muzzin             45     1   2  2  

Last Minutes Offensive
   Center                   Left Wing                Right Wing               Defense                  Defense                  
   Boone Jenner             James van Riemsdyk       Philipp Kurashev         Mattias Ekholm           K'Andre Miller           

Last Minutes Defensive
   Center                   Left Wing                Right Wing               Defense                  Defense                  
   Boone Jenner             James van Riemsdyk       Philipp Kurashev         Mattias Ekholm           K'Andre Miller           

Goaltenders
Starting : Jake Kupsky              
Backup : Ilya Samsonov            

Extra Forwards
Normal : Jakub Voracek, Morgan Barron, Zach Aston-Reese - PP : Jakub Voracek, Morgan Barron - PK : Zach Aston-Reese
Extra Defensemen
Normal : Riley Stillman, Daniel Walcott, Sean Walker - PP : Riley Stillman - PK : Daniel Walcott, Sean Walker
Penalty Shots
Boone Jenner, Tyler Johnson, James van Riemsdyk, Nicholas Paul, Philipp Kurashev
Custom OT Lines Forwards
Boone Jenner, Tyler Johnson, James van Riemsdyk, Nicholas Paul, Philipp Kurashev, Alexis Lafreniere, Jakub Voracek, Morgan Barron, Zach Aston-Reese, MacKenzie Entwistle
Custom OT Lines Defensemen
Mattias Ekholm, K'Andre Miller, Sean Walker, Jacob Muzzin, Riley Stillman

Scratches
Anders Bjork (Healthy), Andreas Englund (Healthy), Will Butcher (Healthy), Cal Petersen (Left Hand Injury)

UTAH ICE BEARS

5 vs 5 Forward 
   Center                   Left Wing                Right Wing               Time % Phy DF OF 
 1 Evgeni Malkin            Casey Mittelstadt        Matthew Tkachuk          36     1   2  2  
 2 Matthew Beniers          Alexander Ovechkin       Alexander Barabanov      34     1   2  2  
 3 Morgan Frost             Matias Maccelli          Lucas Raymond            25     0   3  2  
 4 Blake Lizotte            Andrew Mangiapane        Kyle Okposo              5      1   3  1  

5 vs 5 Defense 
   Defense                  Defense                                           Time % Phy DF OF 
 1 David Savard             MacKenzie Weegar                                  36     1   2  2  
 2 Andrew Peeke             T.J. Brodie                                       35     1   2  2  
 3 Artem Zub                Kevin Bahl                                        23     1   3  1  
 4 David Savard             T.J. Brodie                                       6      0   3  2  

PowerPlay Forward 
   Center                   Left Wing                Right Wing               Time % Phy DF OF 
 1 Evgeni Malkin            Alexander Ovechkin       Matthew Tkachuk          65     1   1  3  
 2 Matthew Beniers          Casey Mittelstadt        Alexander Barabanov      35     1   1  3  

PowerPlay Defense
   Defense                  Defense                                           Time % Phy DF OF 
 1 T.J. Brodie              MacKenzie Weegar                                  65     0   2  3  
 2 Kevin Bahl               Artem Zub                                         35     0   2  3  

Penalty Kill 4 Players Forward 
   Center                   Wing                     Time % Phy DF OF 
 1 Morgan Frost             Kyle Okposo              60     1   4  0  
 2 Blake Lizotte            Andrew Mangiapane        40     1   4  0  

Penalty Kill 4 Players Defense
   Defense                  Defense                  Time % Phy DF OF 
 1 Andrew Peeke             MacKenzie Weegar         60     1   4  0  
 2 Artem Zub                David Savard             40     1   4  0  

Penalty Kill - 3 Players Forward 
   Forward                                           Time % Phy DF OF 
 1 Blake Lizotte                                     55     1   4  0  
 2 Kyle Okposo                                       45     1   4  0  

Penalty Kill - 3 Players Defense
   Defense                  Defense                  Time % Phy DF OF 
 1 MacKenzie Weegar         Artem Zub                55     1   4  0  
 2 David Savard             Andrew Peeke             45     1   4  0  

4 vs 4 Forward 
   Center                   Wing                     Time % Phy DF OF 
 1 Casey Mittelstadt        Alexander Ovechkin       55     0   2  3  
 2 Matthew Beniers          Matthew Tkachuk          45     0   2  3  

4 vs 4 Defense
   Defense                  Defense                  Time % Phy DF OF 
 1 MacKenzie Weegar         Andrew Peeke             55     0   4  1  
 2 David Savard             T.J. Brodie              45     0   4  1  

Last Minutes Offensive
   Center                   Left Wing                Right Wing               Defense                  Defense                  
   Evgeni Malkin            Alexander Ovechkin       Matthew Tkachuk          MacKenzie Weegar         T.J. Brodie              

Last Minutes Defensive
   Center                   Left Wing                Right Wing               Defense                  Defense                  
   Evgeni Malkin            Andrew Mangiapane        Matthew Tkachuk          MacKenzie Weegar         David Savard             

Goaltenders
Starting : Connor Ingram            
Backup : Thatcher Demko           

Extra Forwards
Normal : Alexander Ovechkin, Matias Maccelli, Andrew Mangiapane - PP : Matthew Beniers, Kyle Okposo - PK : Evgeni Malkin
Extra Defensemen
Normal : T.J. Brodie, David Savard, MacKenzie Weegar - PP : T.J. Brodie - PK : Andrew Peeke, David Savard
Penalty Shots
Alexander Ovechkin, Matthew Tkachuk, Evgeni Malkin, Matthew Beniers, Casey Mittelstadt
Custom OT Lines Forwards
Evgeni Malkin, Alexander Ovechkin, Matthew Tkachuk, Matthew Beniers, Alexander Barabanov, Matias Maccelli, Casey Mittelstadt, Andrew Mangiapane, Morgan Frost, Kyle Okposo
Custom OT Lines Defensemen
MacKenzie Weegar, T.J. Brodie, David Savard, Andrew Peeke, Artem Zub

Scratches
Bowen Byram (Lacerated Right Calf Injury), Ross Colton (Healthy)

% Time on Ice - KANSAS CITY KILLERBEES

Lines # - Real PCT - Wanted PCT - Time Play
Normal Forward
1 - 32% - 36% - 15:45
2 - 30% - 31% - 14:26
3 - 21% - 23% - 10:08
4 - 17% - 10% - 8:24
Normal Defense
1 - 34% - 36% - 16:40
2 - 31% - 31% - 15:13
3 - 31% - 23% - 15:15
4 - 3% - 10% - 1:35
PP Forward
1 - 56% - 55% - 4:28
2 - 44% - 45% - 3:28
PP Defense
1 - 67% - 55% - 5:21
2 - 33% - 45% - 2:35
PK Forward
1 - 91% - 55% - 3:02
2 - 9% - 45% - 0:19
PK Defense
1 - 27% - 55% - 0:54
2 - 73% - 45% - 2:27
PK3 Forward
1 - 0% - 55%
2 - 0% - 45%
PK3 Defense
1 - 0% - 55%
2 - 0% - 45%
44 Forward
1 - 0% - 55%
2 - 0% - 45%
44 Defense
1 - 0% - 55%
2 - 0% - 45%
Last Minute Offensive  - 0:00
Last Minute Defensive  - 0:00
Total
Forward - 60:00
Defense - 60:00

% Time on Ice - UTAH ICE BEARS

Lines # - Real PCT - Wanted PCT - Time Play
Normal Forward
1 - 35% - 36% - 17:01
2 - 34% - 34% - 16:33
3 - 24% - 25% - 11:29
4 - 8% - 5% - 3:40
Normal Defense
1 - 34% - 36% - 16:41
2 - 34% - 35% - 16:24
3 - 27% - 23% - 13:01
4 - 5% - 6% - 2:37
PP Forward
1 - 51% - 65% - 1:42
2 - 49% - 35% - 1:39
PP Defense
1 - 54% - 65% - 1:48
2 - 46% - 35% - 1:33
PK Forward
1 - 60% - 60% - 4:44
2 - 40% - 40% - 3:12
PK Defense
1 - 68% - 60% - 5:24
2 - 32% - 40% - 2:32
PK3 Forward
1 - 0% - 55%
2 - 0% - 45%
PK3 Defense
1 - 0% - 55%
2 - 0% - 45%
44 Forward
1 - 0% - 55%
2 - 0% - 45%
44 Defense
1 - 0% - 55%
2 - 0% - 45%
Last Minute Offensive  - 0:00
Last Minute Defensive  - 0:00
Total
Forward - 60:00
Defense - 60:00

Play-by-Play

1st period


0:01 of 1st period - Evgeni Malkin wins face-off versus Boone Jenner in neutral zone.
0:06 of 1st period - Shot by Casey Mittelstadt.
0:06 of 1st period - Stopped by Jake Kupsky without a rebound.
0:07 of 1st period - Nicholas Paul wins face-off versus Matthew Beniers in KANSAS CITY KILLERBEES zone.
0:07 of 1st period - Nicholas Paul is hit by Alexander Ovechkin.
0:15 of 1st period - T.J. Brodie is hit by Nicholas Paul and loses puck.
0:50 of 1st period - Icing by Alexis Lafreniere.
0:51 of 1st period - Nicholas Paul wins face-off versus Morgan Frost in KANSAS CITY KILLERBEES zone.
0:53 of 1st period - Icing by Alexis Lafreniere.
0:54 of 1st period - Evgeni Malkin wins face-off versus Alexis Lafreniere in KANSAS CITY KILLERBEES zone.
1:07 of 1st period - Icing by MacKenzie Weegar.
1:08 of 1st period - Boone Jenner wins face-off versus Evgeni Malkin in UTAH ICE BEARS zone.
1:08 of 1st period - Boone Jenner is hit by David Savard.
1:28 of 1st period - Shot by Boone Jenner.
1:28 of 1st period - Shot Misses the Net.
1:30 of 1st period - Shot by Boone Jenner.
1:30 of 1st period - Goal by Boone Jenner - KANSAS CITY KILLERBEES : 1 - UTAH ICE BEARS : 0.
1:31 of 1st period - Morgan Frost wins face-off versus Morgan Barron in neutral zone.
1:52 of 1st period - Shot by Morgan Barron.
1:52 of 1st period - Shot Misses the Net.
1:54 of 1st period - Shot by Jakub Voracek.
1:54 of 1st period - Stopped by Connor Ingram without a rebound.
1:55 of 1st period - Blake Lizotte wins face-off versus MacKenzie Entwistle in UTAH ICE BEARS zone.
2:06 of 1st period - Shot by Kyle Okposo.
2:06 of 1st period - Stopped by Jake Kupsky without a rebound.
2:07 of 1st period - Boone Jenner wins face-off versus Morgan Frost in KANSAS CITY KILLERBEES zone.
3:21 of 1st period - Shot by Zach Aston-Reese.
3:21 of 1st period - Shot Misses the Net.
3:25 of 1st period - Shot by Morgan Barron.
3:25 of 1st period - Shot Misses the Net.
3:36 of 1st period - Minor Penalty to Andrew Peeke for Hooking.
3:37 of 1st period - Tyler Johnson wins face-off versus Morgan Frost in UTAH ICE BEARS zone.
5:06 of 1st period - Icing by Mattias Ekholm.
5:07 of 1st period - Boone Jenner wins face-off versus Morgan Frost in KANSAS CITY KILLERBEES zone.
6:05 of 1st period - Shot by Jaret Anderson-Dolan.
6:05 of 1st period - Shot Misses the Net.
7:28 of 1st period - Shot by Morgan Frost.
7:28 of 1st period - Shot Misses the Net.
7:30 of 1st period - Shot by Morgan Frost.
7:30 of 1st period - Shot Misses the Net.
7:32 of 1st period - Shot by Matias Maccelli.
7:32 of 1st period - Shot Misses the Net.
7:34 of 1st period - Shot by Morgan Frost.
7:34 of 1st period - Shot Blocked by Riley Stillman.
8:10 of 1st period - Andrew Peeke is hit by Nicolas Aube-Kubel and loses puck.
8:18 of 1st period - Shot by T.J. Brodie.
8:18 of 1st period - Shot Misses the Net.
8:20 of 1st period - Shot by Kyle Okposo.
8:20 of 1st period - Stopped by Jake Kupsky without a rebound.
8:21 of 1st period - Boone Jenner wins face-off versus Alexander Ovechkin in KANSAS CITY KILLERBEES zone.
8:28 of 1st period - Shot by Boone Jenner.
8:28 of 1st period - Stopped by Connor Ingram without a rebound.
8:29 of 1st period - Evgeni Malkin wins face-off versus Nicholas Paul in UTAH ICE BEARS zone.
8:29 of 1st period - Evgeni Malkin is hit by Alexis Lafreniere.
9:04 of 1st period - Icing by Sean Walker.
9:05 of 1st period - Tyler Johnson wins face-off versus Matthew Beniers in KANSAS CITY KILLERBEES zone.
9:38 of 1st period - Icing by David Savard.
9:39 of 1st period - Boone Jenner wins face-off versus Matthew Beniers in UTAH ICE BEARS zone.
10:46 of 1st period - Shot by Evgeni Malkin.
10:46 of 1st period - Stopped by Jake Kupsky without a rebound.
10:47 of 1st period - Morgan Frost wins face-off versus Morgan Barron in KANSAS CITY KILLERBEES zone.
11:21 of 1st period - Lucas Raymond is hit by Jacob Muzzin and loses puck.
12:19 of 1st period - Shot by Matthew Beniers.
12:19 of 1st period - Stopped by Jake Kupsky without a rebound.
12:20 of 1st period - Evgeni Malkin wins face-off versus Boone Jenner in KANSAS CITY KILLERBEES zone.
13:49 of 1st period - Shot by Alexander Ovechkin.
13:49 of 1st period - Shot Misses the Net.
13:51 of 1st period - Shot by Matthew Beniers.
13:51 of 1st period - Shot Misses the Net.
14:38 of 1st period - Blake Lizotte is hit by Nicolas Aube-Kubel and loses puck.
14:52 of 1st period - Nicolas Aube-Kubel is hit by Kevin Bahl and loses puck.
15:15 of 1st period - Evgeni Malkin is hit by Mattias Ekholm and loses puck.
16:27 of 1st period - Icing by Boone Jenner.
16:28 of 1st period - Boone Jenner wins face-off versus Alexander Ovechkin in KANSAS CITY KILLERBEES zone.
17:06 of 1st period - Shot by Alexander Barabanov.
17:06 of 1st period - Shot Misses the Net.
17:08 of 1st period - Shot by Alexander Barabanov.
17:08 of 1st period - Stopped by Jake Kupsky with a rebound.
17:12 of 1st period - Shot by Matthew Beniers.
17:12 of 1st period - Shot Blocked by Boone Jenner.
17:36 of 1st period - Icing by Sean Walker.
17:37 of 1st period - Blake Lizotte wins face-off versus Morgan Barron in KANSAS CITY KILLERBEES zone.
18:04 of 1st period - Shot by Jakub Voracek.
18:04 of 1st period - Stopped by Connor Ingram without a rebound.
18:05 of 1st period - Morgan Frost wins face-off versus MacKenzie Entwistle in UTAH ICE BEARS zone.
18:05 of 1st period - Morgan Frost is hit by Nicolas Aube-Kubel.
18:17 of 1st period - Shot by Lucas Raymond.
18:17 of 1st period - Stopped by Jake Kupsky without a rebound.
18:18 of 1st period - Matthew Beniers wins face-off versus MacKenzie Entwistle in KANSAS CITY KILLERBEES zone.
18:24 of 1st period - Minor Penalty to Alexander Ovechkin for Tripping.
18:25 of 1st period - Boone Jenner wins face-off versus Morgan Frost in UTAH ICE BEARS zone.
18:40 of 1st period - Shot by K'Andre Miller.
18:40 of 1st period - Shot Blocked by Andrew Peeke.
18:42 of 1st period - Shot by Philipp Kurashev.
18:42 of 1st period - Shot Misses the Net.
18:44 of 1st period - Shot by Philipp Kurashev.
18:44 of 1st period - Shot Blocked by Andrew Peeke.
18:46 of 1st period - Shot by K'Andre Miller.
18:46 of 1st period - Stopped by Connor Ingram without a rebound.
18:47 of 1st period - Morgan Frost wins face-off versus Tyler Johnson in UTAH ICE BEARS zone.
19:22 of 1st period - Shot by Alexis Lafreniere.
19:22 of 1st period - Stopped by Connor Ingram with a rebound.
19:24 of 1st period - Shot by Nicholas Paul.
19:24 of 1st period - Stopped by Connor Ingram without a rebound.
19:25 of 1st period - Boone Jenner wins face-off versus Blake Lizotte in UTAH ICE BEARS zone.
Goals for this period are 1 for KANSAS CITY KILLERBEES vs 0 for UTAH ICE BEARS.
Shots for this period are 7 for KANSAS CITY KILLERBEES vs 7 for UTAH ICE BEARS.

2nd period


0:01 of 2nd period - Boone Jenner wins face-off versus Morgan Frost in neutral zone.
0:22 of 2nd period - Shot by Mattias Ekholm.
0:22 of 2nd period - Stopped by Connor Ingram with a rebound.
1:32 of 2nd period - Minor Penalty to Artem Zub for Slashing.
1:33 of 2nd period - Morgan Frost wins face-off versus Boone Jenner in UTAH ICE BEARS zone.
1:33 of 2nd period - Morgan Frost is hit by Philipp Kurashev.
2:41 of 2nd period - Shot by Nicholas Paul.
2:41 of 2nd period - Shot Misses the Net.
2:43 of 2nd period - Shot by Sean Walker.
2:43 of 2nd period - Stopped by Connor Ingram without a rebound.
2:44 of 2nd period - Morgan Frost wins face-off versus Boone Jenner in UTAH ICE BEARS zone.
3:12 of 2nd period - Shot by Boone Jenner.
3:12 of 2nd period - Shot Misses the Net.
4:39 of 2nd period - Shot by Lucas Raymond.
4:39 of 2nd period - Stopped by Jake Kupsky with a rebound.
4:41 of 2nd period - Shot by Morgan Frost.
4:41 of 2nd period - Deflect By Lucas Raymond.
4:41 of 2nd period - Stopped by Jake Kupsky with a rebound.
4:43 of 2nd period - Shot by David Savard.
4:43 of 2nd period - Shot Misses the Net.
5:29 of 2nd period - Shot by Evgeni Malkin.
5:29 of 2nd period - Stopped by Jake Kupsky without a rebound.
5:30 of 2nd period - Blake Lizotte wins face-off versus Boone Jenner in KANSAS CITY KILLERBEES zone.
5:38 of 2nd period - Icing by Mattias Ekholm.
5:39 of 2nd period - Boone Jenner wins face-off versus Matthew Beniers in KANSAS CITY KILLERBEES zone.
7:38 of 2nd period - Shot by Matias Maccelli.
7:38 of 2nd period - Shot Blocked by Riley Stillman.
7:40 of 2nd period - Shot by Morgan Frost.
7:40 of 2nd period - Shot Misses the Net.
7:42 of 2nd period - Shot by Matias Maccelli.
7:42 of 2nd period - Shot Misses the Net.
7:44 of 2nd period - Shot by Morgan Frost.
7:44 of 2nd period - Shot Blocked by Tyler Johnson.
7:54 of 2nd period - Shot by Morgan Frost.
7:54 of 2nd period - Shot Misses the Net.
7:59 of 2nd period - Icing by Riley Stillman.
8:00 of 2nd period - Alexis Lafreniere wins face-off versus Blake Lizotte in KANSAS CITY KILLERBEES zone.
8:23 of 2nd period - MacKenzie Weegar is hit by James van Riemsdyk and loses puck.
8:39 of 2nd period - Minor Penalty to K'Andre Miller for Hooking.
8:40 of 2nd period - Boone Jenner wins face-off versus Evgeni Malkin in KANSAS CITY KILLERBEES zone.
8:48 of 2nd period - Icing by Evgeni Malkin.
8:49 of 2nd period - Matthew Tkachuk wins face-off versus Boone Jenner in UTAH ICE BEARS zone.
10:08 of 2nd period - Shot by Matthew Beniers.
10:08 of 2nd period - Stopped by Jake Kupsky with a rebound.
10:10 of 2nd period - Shot by MacKenzie Weegar.
10:10 of 2nd period - Shot Misses the Net.
10:54 of 2nd period - Icing by Morgan Frost.
10:55 of 2nd period - Tyler Johnson wins face-off versus Morgan Frost in UTAH ICE BEARS zone.
11:02 of 2nd period - Shot by Nicholas Paul.
11:02 of 2nd period - Shot Misses the Net.
11:16 of 2nd period - Shot by Alexis Lafreniere.
11:16 of 2nd period - Stopped by Connor Ingram without a rebound.
11:17 of 2nd period - Matthew Beniers wins face-off versus Jaret Anderson-Dolan in UTAH ICE BEARS zone.
11:36 of 2nd period - Shot by Alexander Ovechkin.
11:36 of 2nd period - Stopped by Jake Kupsky with a rebound.
11:38 of 2nd period - Shot by Artem Zub.
11:38 of 2nd period - Goal by Artem Zub - KANSAS CITY KILLERBEES : 1 - UTAH ICE BEARS : 1.
11:39 of 2nd period - Tyler Johnson wins face-off versus Casey Mittelstadt in neutral zone.
11:46 of 2nd period - Shot by Tyler Johnson.
11:46 of 2nd period - Shot Misses the Net.
12:25 of 2nd period - Shot by Casey Mittelstadt.
12:25 of 2nd period - Shot Misses the Net.
13:00 of 2nd period - Shot by Alexander Barabanov.
13:00 of 2nd period - Stopped by Jake Kupsky with a rebound.
13:10 of 2nd period - Shot by Alexander Ovechkin.
13:10 of 2nd period - Shot Misses the Net.
13:12 of 2nd period - Shot by T.J. Brodie.
13:12 of 2nd period - Stopped by Jake Kupsky without a rebound.
13:13 of 2nd period - Boone Jenner wins face-off versus Morgan Frost in KANSAS CITY KILLERBEES zone.
13:46 of 2nd period - Shot by Philipp Kurashev.
13:46 of 2nd period - Stopped by Connor Ingram with a rebound.
13:48 of 2nd period - Shot by Sean Walker.
13:48 of 2nd period - Stopped by Connor Ingram without a rebound.
13:49 of 2nd period - Matthew Beniers wins face-off versus Morgan Barron in UTAH ICE BEARS zone.
13:53 of 2nd period - Alexander Barabanov is hit by Mattias Ekholm and loses puck.
14:04 of 2nd period - Shot by Alexander Ovechkin.
14:04 of 2nd period - Shot Misses the Net.
14:11 of 2nd period - Alexander Ovechkin is hit by K'Andre Miller and loses puck.
14:22 of 2nd period - Shot by Alexander Ovechkin.
14:22 of 2nd period - Shot Misses the Net.
14:26 of 2nd period - Shot by Alexander Ovechkin.
14:26 of 2nd period - Goal by Alexander Ovechkin - KANSAS CITY KILLERBEES : 1 - UTAH ICE BEARS : 2.
14:27 of 2nd period - Boone Jenner wins face-off versus Evgeni Malkin in neutral zone.
14:41 of 2nd period - Icing by Philipp Kurashev.
14:42 of 2nd period - Boone Jenner wins face-off versus Morgan Frost in KANSAS CITY KILLERBEES zone.
14:49 of 2nd period - Lucas Raymond is hit by Boone Jenner and loses puck.
15:05 of 2nd period - Shot by Philipp Kurashev.
15:05 of 2nd period - Shot Misses the Net.
15:47 of 2nd period - Shot by Nicholas Paul.
15:47 of 2nd period - Shot Misses the Net.
16:03 of 2nd period - Shot by Casey Mittelstadt.
16:03 of 2nd period - Deflect By Evgeni Malkin.
16:03 of 2nd period - Shot Misses the Net.
16:05 of 2nd period - Shot by Evgeni Malkin.
16:05 of 2nd period - Shot Misses the Net.
17:05 of 2nd period - Shot by Alexander Barabanov.
17:05 of 2nd period - Shot Misses the Net.
17:20 of 2nd period - Shot by Alexander Ovechkin.
17:20 of 2nd period - Stopped by Jake Kupsky without a rebound.
17:21 of 2nd period - Boone Jenner wins face-off versus Blake Lizotte in KANSAS CITY KILLERBEES zone.
17:30 of 2nd period - Shot by Kyle Okposo.
17:30 of 2nd period - Shot Blocked by Riley Stillman.
17:32 of 2nd period - Shot by Artem Zub.
17:32 of 2nd period - Shot Misses the Net.
17:53 of 2nd period - Shot by Andrew Mangiapane.
17:53 of 2nd period - Stopped by Jake Kupsky without a rebound.
17:54 of 2nd period - Evgeni Malkin wins face-off versus Morgan Barron in KANSAS CITY KILLERBEES zone.
18:13 of 2nd period - Shot by Matthew Tkachuk.
18:13 of 2nd period - Shot Misses the Net.
18:15 of 2nd period - Shot by Matthew Tkachuk.
18:15 of 2nd period - Shot Hit the Post.
18:39 of 2nd period - Shot by Casey Mittelstadt.
18:39 of 2nd period - Stopped by Jake Kupsky with a rebound.
18:41 of 2nd period - Shot by Casey Mittelstadt.
18:41 of 2nd period - Stopped by Jake Kupsky with a rebound.
18:57 of 2nd period - Shot by Alexander Barabanov.
18:57 of 2nd period - Shot Misses the Net.
19:13 of 2nd period - Shot by Alexander Ovechkin.
19:13 of 2nd period - Stopped by Jake Kupsky without a rebound.
19:14 of 2nd period - Boone Jenner wins face-off versus Morgan Frost in KANSAS CITY KILLERBEES zone.
19:45 of 2nd period - Shot by Lucas Raymond.
19:45 of 2nd period - Deflect By Morgan Frost.
19:45 of 2nd period - Shot Misses the Net.
19:54 of 2nd period - Off-side.
19:55 of 2nd period - Matthew Beniers wins face-off versus MacKenzie Entwistle in neutral zone.
Goals for this period are 0 for KANSAS CITY KILLERBEES vs 2 for UTAH ICE BEARS.
Shots for this period are 5 for KANSAS CITY KILLERBEES vs 14 for UTAH ICE BEARS.

3rd period


0:01 of 3rd period - Boone Jenner wins face-off versus Matthew Beniers in neutral zone.
0:06 of 3rd period - MacKenzie Weegar is hit by James van Riemsdyk and loses puck.
0:17 of 3rd period - Shot by Alexander Barabanov.
0:17 of 3rd period - Shot Blocked by Mattias Ekholm.
0:28 of 3rd period - Icing by K'Andre Miller.
0:29 of 3rd period - Boone Jenner wins face-off versus Evgeni Malkin in KANSAS CITY KILLERBEES zone.
1:35 of 3rd period - Shot by Tyler Johnson.
1:35 of 3rd period - Shot Misses the Net.
1:37 of 3rd period - Shot by Tyler Johnson.
1:37 of 3rd period - Stopped by Connor Ingram with a rebound.
1:53 of 3rd period - Shot by Tyler Johnson.
1:53 of 3rd period - Shot Misses the Net.
2:11 of 3rd period - Shot by Morgan Barron.
2:11 of 3rd period - Stopped by Connor Ingram without a rebound.
2:12 of 3rd period - MacKenzie Entwistle wins face-off versus Matias Maccelli in UTAH ICE BEARS zone.
2:12 of 3rd period - Nicolas Aube-Kubel is hit by Artem Zub and loses puck.
2:15 of 3rd period - Shot by Jaret Anderson-Dolan.
2:15 of 3rd period - Stopped by Connor Ingram with a rebound.
2:23 of 3rd period - Shot by MacKenzie Entwistle.
2:23 of 3rd period - Shot Misses the Net.
2:25 of 3rd period - Shot by Riley Stillman.
2:25 of 3rd period - Shot Misses the Net.
2:44 of 3rd period - Jaret Anderson-Dolan is hit by Artem Zub.
4:41 of 3rd period - Icing by Matthew Beniers.
4:42 of 3rd period - Tyler Johnson wins face-off versus Matthew Beniers in UTAH ICE BEARS zone.
4:48 of 3rd period - Icing by David Savard.
4:49 of 3rd period - Matthew Beniers wins face-off versus Alexis Lafreniere in UTAH ICE BEARS zone.
4:49 of 3rd period - Matthew Beniers is hit by Nicholas Paul.
5:07 of 3rd period - Off-side.
5:08 of 3rd period - Evgeni Malkin wins face-off versus MacKenzie Entwistle in neutral zone.
5:18 of 3rd period - Mattias Ekholm is hit by Matthew Tkachuk and loses puck.
5:34 of 3rd period - Shot by Mattias Ekholm.
5:34 of 3rd period - Stopped by Connor Ingram with a rebound.
5:41 of 3rd period - Shot by Andrew Peeke.
5:41 of 3rd period - Stopped by Jake Kupsky without a rebound.
5:42 of 3rd period - Matthew Beniers wins face-off versus Boone Jenner in KANSAS CITY KILLERBEES zone.
5:42 of 3rd period - Matthew Beniers is hit by Sean Walker.
6:14 of 3rd period - Shot by James van Riemsdyk.
6:14 of 3rd period - Shot Misses the Net.
6:16 of 3rd period - Shot by Boone Jenner.
6:16 of 3rd period - Shot Blocked by MacKenzie Weegar.
6:24 of 3rd period - Shot by Boone Jenner.
6:24 of 3rd period - Stopped by Connor Ingram without a rebound.
6:25 of 3rd period - Evgeni Malkin wins face-off versus Tyler Johnson in UTAH ICE BEARS zone.
6:27 of 3rd period - Icing by Matthew Tkachuk.
6:28 of 3rd period - Evgeni Malkin wins face-off versus Tyler Johnson in UTAH ICE BEARS zone.
7:10 of 3rd period - Tyler Johnson is hit by T.J. Brodie and loses puck.
7:53 of 3rd period - Icing by David Savard.
7:54 of 3rd period - Boone Jenner wins face-off versus Matthew Beniers in UTAH ICE BEARS zone.
7:54 of 3rd period - Philipp Kurashev is hit by MacKenzie Weegar.
7:56 of 3rd period - Shot by Boone Jenner.
7:56 of 3rd period - Shot Blocked by David Savard.
8:34 of 3rd period - Alexander Ovechkin is hit by Sean Walker and loses puck.
8:40 of 3rd period - Boone Jenner is hit by Alexander Ovechkin and loses puck.
8:50 of 3rd period - Minor Penalty to Alexander Ovechkin for Roughing.
8:51 of 3rd period - Kyle Okposo wins face-off versus Tyler Johnson in UTAH ICE BEARS zone.
10:47 of 3rd period - Icing by Mattias Ekholm.
10:48 of 3rd period - Tyler Johnson wins face-off versus Kyle Okposo in KANSAS CITY KILLERBEES zone.
10:50 of 3rd period - Nicholas Paul is hit by Evgeni Malkin and loses puck.
11:40 of 3rd period - Jacob Muzzin is hit by Alexander Ovechkin and loses puck.
11:51 of 3rd period - Shot by Matthew Beniers.
11:51 of 3rd period - Shot Misses the Net.
11:53 of 3rd period - Shot by Artem Zub.
11:53 of 3rd period - Stopped by Jake Kupsky without a rebound.
11:54 of 3rd period - Morgan Frost wins face-off versus Boone Jenner in KANSAS CITY KILLERBEES zone.
11:55 of 3rd period - Shot by Matias Maccelli.
11:55 of 3rd period - Shot Misses the Net.
12:00 of 3rd period - Off-side.
12:01 of 3rd period - Boone Jenner wins face-off versus Morgan Frost in neutral zone.
13:48 of 3rd period - Off-side.
13:49 of 3rd period - Matthew Beniers wins face-off versus Tyler Johnson in neutral zone.
13:54 of 3rd period - Shot by Alexander Barabanov.
13:54 of 3rd period - Shot Misses the Net.
13:58 of 3rd period - Shot by Alexander Ovechkin.
13:58 of 3rd period - Shot Misses the Net.
14:06 of 3rd period - Shot by Alexander Ovechkin.
14:06 of 3rd period - Stopped by Jake Kupsky without a rebound.
14:07 of 3rd period - Boone Jenner wins face-off versus Blake Lizotte in KANSAS CITY KILLERBEES zone.
14:40 of 3rd period - Shot by Philipp Kurashev.
14:40 of 3rd period - Stopped by Connor Ingram without a rebound.
14:41 of 3rd period - Morgan Barron wins face-off versus Matthew Beniers in UTAH ICE BEARS zone.
14:42 of 3rd period - Shot by Zach Aston-Reese.
14:42 of 3rd period - Stopped by Connor Ingram without a rebound.
14:43 of 3rd period - Matthew Beniers wins face-off versus Morgan Barron in UTAH ICE BEARS zone.
14:43 of 3rd period - Matthew Beniers is hit by Zach Aston-Reese.
15:03 of 3rd period - Morgan Barron is hit by Alexander Ovechkin and loses puck.
15:10 of 3rd period - Shot by Morgan Barron.
15:10 of 3rd period - Shot Blocked by Matthew Beniers.
15:15 of 3rd period - Zach Aston-Reese is hit by T.J. Brodie and loses puck.
15:20 of 3rd period - Shot by Zach Aston-Reese.
15:20 of 3rd period - Deflect By Morgan Barron.
15:20 of 3rd period - Shot Blocked by Matthew Beniers.
15:22 of 3rd period - Shot by Zach Aston-Reese.
15:22 of 3rd period - Stopped by Connor Ingram without a rebound.
15:23 of 3rd period - Evgeni Malkin wins face-off versus Boone Jenner in UTAH ICE BEARS zone.
15:35 of 3rd period - Shot by Matthew Tkachuk.
15:35 of 3rd period - Stopped by Jake Kupsky without a rebound.
15:36 of 3rd period - Morgan Frost wins face-off versus Tyler Johnson in KANSAS CITY KILLERBEES zone.
16:35 of 3rd period - Shot by Alexander Ovechkin.
16:35 of 3rd period - Stopped by Jake Kupsky without a rebound.
16:36 of 3rd period - Evgeni Malkin wins face-off versus Boone Jenner in KANSAS CITY KILLERBEES zone.
17:02 of 3rd period - Shot by Boone Jenner.
17:02 of 3rd period - Deflect By Philipp Kurashev.
17:02 of 3rd period - Shot Misses the Net.
18:00 of 3rd period - Shot by Morgan Barron.
18:00 of 3rd period - Shot Blocked by Andrew Peeke.
18:02 of 3rd period - Shot by Riley Stillman.
18:02 of 3rd period - Shot Misses the Net.
18:04 of 3rd period - Shot by Daniel Walcott.
18:04 of 3rd period - Shot Blocked by Andrew Peeke.
18:21 of 3rd period - Off-side.
18:22 of 3rd period - Morgan Frost wins face-off versus Tyler Johnson in neutral zone.
18:29 of 3rd period - Shot by Matias Maccelli.
18:29 of 3rd period - Stopped by Jake Kupsky without a rebound.
18:30 of 3rd period - Morgan Frost wins face-off versus Tyler Johnson in KANSAS CITY KILLERBEES zone.
18:30 of 3rd period - Matias Maccelli is hit by Jacob Muzzin and loses puck.
18:36 of 3rd period - Off-side.
18:37 of 3rd period - Morgan Frost wins face-off versus Tyler Johnson in neutral zone.
18:37 of 3rd period - Minor Penalty to Tyler Johnson for Hooking.
18:38 of 3rd period - Evgeni Malkin wins face-off versus Boone Jenner in KANSAS CITY KILLERBEES zone.
18:53 of 3rd period - Off-side.
18:54 of 3rd period - Boone Jenner wins face-off versus Alexander Barabanov in neutral zone.
19:15 of 3rd period - Shot by Alexander Barabanov.
19:15 of 3rd period - Stopped by Jake Kupsky without a rebound.
19:16 of 3rd period - Boone Jenner wins face-off versus Evgeni Malkin in KANSAS CITY KILLERBEES zone.
19:30 of 3rd period - Shot by Matthew Tkachuk.
19:30 of 3rd period - Stopped by Jake Kupsky without a rebound.
19:31 of 3rd period - Boone Jenner wins face-off versus Matthew Beniers in KANSAS CITY KILLERBEES zone.
19:59 of 3rd period - Alexander Barabanov is hit by Jacob Muzzin and loses puck.
Goals for this period are 0 for KANSAS CITY KILLERBEES vs 0 for UTAH ICE BEARS.
Shots for this period are 8 for KANSAS CITY KILLERBEES vs 8 for UTAH ICE BEARS.


BLAKE
WHEELER
STEVEN
STAMKOS
DREW
DOUGHTY

EAST COAST

HOCKEY LEAGUE

  • 63.RHI2PIT5
  • 64.WOR4ATL3
  • 65.QUECHW
  • 66.CHATRV